 Dungeon Crawl Stone Soup version 0.28-a0-628-g3c9886e45e (webtiles) character file.

Game seed: 4810574895200834659

7896 Armakuni the Destroyer (level 10, -11/69 HPs)
             Began as a Demigod Conjurer on Oct 8, 2021.
             Mangled by an entropy weaver (12 damage)
             ... on level 10 of the Dungeon.
             The game lasted 00:38:57 (10989 turns).

Armakuni the Destroyer (Demigod Conjurer)          Turns: 10989, Time: 00:38:57

Health: -11/69     AC: -6    Str: 20    XL:     10   Next: 72%
Magic:  28/28      EV: 26    Int: 20    God:
Gold:   656        SH:  0    Dex: 12    Spells: 12/29 levels left

rFire   . . .      SeeInvis +   a - +6 dagger (freeze)
rCold   . . .      Faith    .   (no shield)
rNeg    . . .      Spirit   .   G - +0 troll leather armour
rPois   .          Reflect  .   b - +2 helmet
rElec   .          Harm     .   t - +0 cloak
rCorr   .          Rampage  .   k - +1 pair of gloves
Will    +....                   (no boots)
Stlth   ++........              A - amulet of the acrobat
HPRegen 1.21/turn               I - ring of see invisible
MPRegen 0.21/turn               P - +4 ring of protection

@: about to teleport, corroded, acrobatic
A: high mp 1, forlorn
a: no special abilities


You were on level 10 of the Dungeon.
You visited 1 branch of the dungeon, and saw 11 of its levels.

You collected 656 gold pieces.

Inventory:

Hand Weapons
 a - a +6 dagger of freezing (weapon)
 c - a +4 great sword of freezing
 g - a +4 scimitar
 i - a +1 dire flail
 o - a +0 falchion
Missiles
 l - a throwing net
Armour
 b - a +2 helmet (worn)
 k - a +1 pair of gloves (worn)
 t - a +0 cloak (worn)
 G - a +0 troll leather armour (worn)
Jewellery
 m - a ring of positive energy
 A - an amulet of the acrobat (around neck)
 I - a ring of see invisible (left hand)
 P - a +4 ring of protection (right hand)
Wands
 f - a wand of flame (53)
 j - a wand of iceblast (10)
 p - a wand of polymorph (5)
Scrolls
 d - a scroll of fog
 e - a scroll of brand weapon
 h - a scroll of blinking
 q - a scroll of enchant armour
 v - 2 scrolls of amnesia
 w - a scroll of vulnerability
 y - 2 scrolls of teleportation
 B - 2 scrolls of noise
 C - 4 scrolls of enchant weapon
 D - a scroll of fear
Potions
 n - a potion of brilliance
 r - 5 potions of curing
 s - a potion of haste
 x - a potion of resistance
 z - a potion of lignification
 E - a potion of flight
 F - a potion of might {unknown}


   Skills:
 - Level 1.7 Dodging
 - Level 1.7 Stealth
 - Level 10.0 Spellcasting
 - Level 10.0 Conjurations
 + Level 6.9 Evocations


You had 12 spell levels left.
You knew the following spells:

 Your Spells              Type           Power      Damage    Failure   Level
c - Conjure Flame         Conj/Fire      30%        6-21      3%          3
m - Iskenderun's Mystic   Conj/Tloc      30%        2d8       11%         4
p - Fulminant Prism       Conj/Hex       15%        3d11      11%         4
w - Flame Wave            Conj/Fire      30%        3d7       11%         4
z - Searing Ray           Conj           100%       2d8       1%          2

Your spell library contained the following spells:

 Spells                   Type           Power      Damage    Failure   Level
 Foxfire                  Conj/Fire      100%       2x1d9     1%          1
 Magic Dart               Conj           100%       1d8       1%          1
 Dazzling Flash           Conj/Hex       60%        N/A       3%          3
 Gell's Gravitas          Tloc           5%         N/A       24%         3
 Inner Flame              Hex/Fire       10%        N/A       24%         3
 Lesser Beckoning         Tloc           10%        N/A       24%         3
 Teleport Other           Tloc           10%        N/A       24%         3
 Animate Dead             Necr           5%         N/A       63%         4
 Borgnjor's Vile Clutch   Necr/Erth      5%         N/A       92%         5
 Death Channel            Necr           5%         N/A       100%        6


Dungeon Overview and Level Annotations

Branches:
Dungeon (11/15)            Temple (0/1) D:7            Lair (0/6) D:9
    Orc (0/2) D:11

Shops:
D:3 :   D:4 =   D:9 [

Annotations:
D:3 2 transporters
D:8 3 runed translucent doors, Harold


Innate Abilities, Weirdness & Mutations

Your attributes grow dramatically as you level up.
You have an increased reservoir of magic. (+10% MP)
You shall have no god before yourself.


Message History

The entropy weaver closely misses you. x2
The entropy weaver barely misses you. The entropy weaver misses you.
You see here a +0 troll leather armour.
The entropy weaver points at you and mumbles some strange words.
The entropic weave corrodes you!
The entropy weaver gestures at you while chanting.
The entropic weave corrodes you!
The shadow slips into darkness.
The shadow flickers and vanishes for a moment.
Things that are here:
20 arrows; a +0 shortbow The shadow misses you.
The shadow completely misses you.
Things that are here:
22 arrows; a +0 shortbow The entropy weaver casts a spell at you.
The entropic weave corrodes you! The shadow closely misses you.
The shadow misses you. The entropy weaver barely misses you.
The entropy weaver hits you! x2
The entropy weaver closely misses you.
The entropy weaver gestures at you while chanting.
The entropic weave corrodes you!
The entropy weaver points at you and mumbles some strange words.
The entropic weave corrodes you!
There is a stone staircase leading up here.
The entropy weaver hits you. The entropy weaver hits you!
The entropy weaver closely misses you. The entropy weaver hits you!
You climb upwards.
There is a stone staircase leading down here.
As you read the scroll of teleportation, it crumbles to dust.
You feel strangely unstable. The entropy weaver hits you.
The entropy weaver hits you! The entropy weaver hits you.
The entropy weaver hits you!
* * * LOW HITPOINT WARNING * * *
The entropy weaver barely misses you. The entropy weaver closely misses you.
The entropy weaver hits you!
* * * LOW HITPOINT WARNING * * *
The entropy weaver hits you!
You die...

#####..........#
###'########
#..# ##.####
#....#
#######'#######
#..........>..#
#..........B..#
#.......[...@.#
#.............#
#.............#
#.............#
###############


You could see an entropy weaver.

Vanquished Creatures
  Pikel (D:8)
  A manticore (D:11)
  A gargoyle (D:9)
  4 trolls
  A slime creature (D:9)
  2 wyverns (D:8)
  A basilisk (D:9)
  Grum (D:8)
  3 ice beasts
  4 orc warriors (D:11)
  A black bear (D:7)
  2 necrophages
  2 wolves (D:8)
  6 centaurs
  4 lemures (D:8)
  A kobold brigand (D:8)
  A scorpion (D:7)
  A wyvern skeleton (D:7)
  2 water moccasin skeletons
  17 killer bees
  22 wights
  2 howler monkeys
  6 centaur zombies
  3 bullfrog zombies
  2 hounds
  3 orc priests
  2 jellies
  A centaur skeleton (D:5)
  A bullfrog skeleton (D:6)
  5 iguanas
  A scorpion zombie (D:5)
  Natasha (thrice) (D:2)
  11 orc wizards
  3 killer bee zombies
  A hound zombie (D:5)
  A hound skeleton (D:5)
  A gnoll (D:3)
  5 adders
  3 white imps
  An adder skeleton (D:4)
  3 dart slugs
  40 orcs
  8 ball pythons
  4 endoplasms
  5 goblins
  9 hobgoblins
  3 jackals (D:4)
  4 quokkas
  2 bats
  3 frilled lizards
  13 kobolds
  5 rats
232 creatures vanquished.

Vanquished Creatures (others)
  18 fulminant prisms
  A fungus (D:3)
  8 plants (D:3)
  5 toadstools (D:1)
32 creatures vanquished.

Grand Total: 264 creatures vanquished

Notes
Turn   | Place    | Note
-------+----------+-------------------------------------------
     0 | D:1      | Armakuni the Demigod Conjurer began the quest for the Orb.
     0 | D:1      | Reached XP level 1. HP: 14/14 MP: 5/5
   434 | D:1      | Reached XP level 2. HP: 20/20 MP: 3/7
   721 | D:1      | Learned a level 2 spell: Searing Ray
  1195 | D:2      | Noticed Natasha
  1200 | D:2      | Killed Natasha
  1201 | D:2      | Reached XP level 3. HP: 14/26 MP: 2/9
  1931 | D:2      | Noticed Natasha
  1997 | D:2      | Killed Natasha
  1998 | D:2      | Reached XP level 4. HP: 26/33 MP: 3/11
  2186 | D:2      | Noticed Natasha
  2254 | D:2      | Killed Natasha
  2558 | D:3      | Learned a level 4 spell: Iskenderun's Mystic Blast
  2696 | D:3      | Found a transporter.
  2755 | D:3      | Found Keshui's Book Shop.
  3100 | D:3      | Found a transporter.
  3193 | D:3      | Reached skill level 5 in Conjurations
  3193 | D:3      | Reached XP level 5. HP: 34/38 MP: 4/13
  3677 | D:3      | Learned a level 4 spell: Flame Wave
  3890 | D:4      | Found Woupriun's Jewellery Shop.
  3929 | D:4      | Reached XP level 6. HP: 35/45 MP: 7/15
  4242 | D:4      | Reached XP level 7. HP: 44/50 MP: 1/17
  4500 | D:5      | Entered Level 5 of the Dungeon
  4508 | D:5      | Reached skill level 5 in Spellcasting
  4745 | D:5      | Learned a level 4 spell: Fulminant Prism
  5423 | D:6      | Reached XP level 8. HP: 57/57 MP: 13/20
  6640 | D:7      | Learned a level 3 spell: Conjure Flame
  6897 | D:7      | Found a staircase to the Ecumenical Temple.
  7248 | D:8      | Reached XP level 9. HP: 56/62 MP: 19/24
  7315 | D:8      | Noticed Harold
  7449 | D:8      | Noticed Grum
  7459 | D:8      | Killed Grum
  7602 | D:8      | Noticed Pikel
  7619 | D:8      | Killed Pikel
  7766 | D:8      | Identified the +3 scale mail of Camucem {MP-9 Int+5 Dex+5}
  7789 | D:8      | Reached skill level 10 in Conjurations
  7929 | D:8      | Found a runed translucent gate.
  7929 | D:8      | Found a runed translucent gate.
  7929 | D:8      | Found a runed translucent gate.
  8280 | D:9      | Noticed a manticore
  8697 | D:9      | Identified the +6 scale mail of Unreason {-Cast Dex+4 SInv}
  8837 | D:9      | Found Zoalu Cuf's Armour Shoppe.
  8844 | D:9      | Noticed a gargoyle
  8859 | D:9      | Killed a gargoyle
  8860 | D:9      | Reached skill level 1 in Evocations
  8860 | D:9      | Reached XP level 10. HP: 46/69 MP: 24/27
  9488 | D:9      | Found a staircase to the Lair.
  9685 | D:10     | Entered Level 10 of the Dungeon
  9885 | D:10     | Reached skill level 10 in Spellcasting
 10136 | D:11     | Noticed a manticore
 10140 | D:11     | Killed a manticore
 10185 | D:11     | Reached skill level 5 in Evocations
 10390 | D:11     | Noticed a boulder beetle
 10837 | D:11     | Found a staircase to the Orcish Mines.
 10951 | D:11     | Noticed an entropy weaver
 10951 | D:11     | a boulder beetle changed into an entropy weaver
 10989 | D:10     | HP: 1/69 [entropy weaver (9)]
 10989 | D:10     | Mangled by an entropy weaver

Illustrated notes

Levels and vault maps discovered:
D:1:      ldierk_walled_garden, layout_basic, minmay_misc_feat_x,
          bh_walls_and_bars
D:2:      layout_basic, uniq_natasha
D:3:      gammafunk_steamed_eel, layout_loops_ring, minitemple,
          shapermc_ecumenical_altar_mp_urbaneastern, serial_shops, shop_statue,
          minmay_between
D:4:      layout_basic, serial_shops, nicolae_shop_crystal
D:5:      layout_rooms, lightli_temple_of_fire, mainiacjoe_overflow_24_doors,
          minmay_ruined_shrine
D:6:      layout_basic, minmay_liquid_box
D:7:      layout_gridville, minmay_temple_entry_slanted
D:8:      layout_rooms, gammafunk_ghost_cemetery, kennysheep_generic_room_13,
          uniq_pikel, uniq_harold, uniq_grum
D:9:      minmay_ornate_pinched, layout_cave_pools, serial_shops,
          nicolae_shop_crystal
D:10:     layout_roguey
D:11:     layout_long_grid, david_orc_4, statue_in_the_mist_lemuel, minivault_26

Skill      XL: |  1  2  3  4  5  6  7  8  9 10 |
---------------+-------------------------------+-----
Spellcasting   | 2 3 4 6 7 9 10 | 10.0
Conjurations   | 4 5 6 7 8 10 | 10.0
Evocations     | 1 6 |  6.9
Dodging        | |  1.7
Stealth        | |  1.7

Action                   |  1- 3 |  4- 6 |  7- 9 | 10-12 || total
-------------------------+-------+-------+-------+-------++-------
Melee: Whip              |       |     5 |       |       ||     5
       Dagger            |       |    34 |   120 |    35 ||   189
 Cast: Magic Dart        |    27 |       |       |       ||    27
       Searing Ray       |    17 |    39 |    68 |    25 ||   149
       Fulminant Prism   |       |       |     8 |    10 ||    18
       Iskenderun's Myst |       |       |     1 |     4 ||     5
       Conjure Flame     |       |       |       |     5 ||     5
Evoke: Wand              |       |       |    12 |    11 ||    23
  Use: Scroll            |     4 |     7 |     7 |     5 ||    23
       Potion            |       |       |     2 |       ||     2
 Stab: Sleeping          |       |       |     2 |       ||     2
Armor: Leather armour    |     1 |    21 |    87 |     1 ||   110
       Troll leather arm |       |       |       |    32 ||    32
Dodge: Dodged            |     4 |    56 |   184 |    95 ||   339

Table legend: (Time is in decaauts)
 A = Elapsed time spent in this place.
 B = Non-inter-level travel time spent in this place.
 C = Inter-level travel time spent in this place.
 D = Time resting spent in this place.
 E = Time spent auto-exploring this place.
 F = Levels seen in this place.
 G = Mean time per level.
                   A        B        C        D        E       F      G
               +--------+--------+--------+--------+--------+-----+--------+
         Total |  10983 |  10630 |    353 |   2697 |   5626 |  11 |  998.5 |
       Dungeon |  10983 |  10630 |    353 |   2697 |   5626 |  11 |  998.5 |
               +--------+--------+--------+--------+--------+-----+--------+

Top non-repeatable levels by time:
     D:9: 1299 daAuts
     D:1: 1264 daAuts
     D:3: 1240 daAuts
     D:2: 1239 daAuts
     D:8: 1137 daAuts
     D:6: 1055 daAuts
     D:5: 884 daAuts
    D:11: 871 daAuts
     D:7: 787 daAuts
     D:4: 770 daAuts
    D:10: 433 daAuts
